 Dungeon Crawl Stone Soup version 0.30.1-3-gfc49f6343a (webtiles) character file.

Game seed: 8579087829200989356

1222 TheDoctor the Conjurer (level 8, -2/41 HPs)
             Began as a Deep Elf Hedge Wizard on July 24, 2023.
             Slain by a water moccasin (8 damage)
             ... on level 6 of the Dungeon on July 29, 2023.
             The game lasted 00:18:20 (7285 turns).

TheDoctor the Conjurer (Deep Elf Hedge Wizard)      Turns: 7285, Time: 00:18:20

Health: -2/41      AC:  5    Str:  4 (7)  XL:     8   Next: 23%
Magic:  1/17       EV: 12    Int: 20 (22) God:
Gold:   325        SH:  0    Dex: 11 (14) Spells: 7/17 levels left

rFire   . . .        n - +0 short sword
rCold   + . .        (no shield)
rNeg    . . .        b - +0 robe
rPois   .            q - +0 helmet
rElec   .            (no cloak)
rCorr   .            I - +0 pair of gloves
SInv    .            c - +0 pair of boots
Will    .....        (no amulet)
Stlth   ++           u - ring of wizardry
HPRegen 0.26/turn    f - ring of protection from cold
MPRegen 0.15/turn

%: wizardry (x1)
@: lethally poisoned (-2 -> -5)
A: no striking features
a: no special abilities


You were on level 6 of the Dungeon.
You visited 1 branch of the dungeon, and saw 6 of its levels.

You collected 345 gold pieces.
You spent 20 gold pieces at shops.

Inventory:

Hand Weapons
 n - a +0 short sword (weapon)
 s - a +1 dagger of distortion
Missiles
 i - 3 poisoned darts (quivered)
 w - 6 javelins
 z - 2 boomerangs
Armour
 b - a +0 robe (worn)
 c - a +0 pair of boots (worn)
 q - a +0 helmet (worn)
 y - the +1 ring mail "Roytu Kimi" {+Inv Will- Dex+5}
   (You found it on level 3 of the Dungeon)

   Dex:       It affects your dexterity (+5).
   +Inv:      It lets you turn invisible.
   Will:      It decreases your willpower.
 G - a +3 leather armour
 I - a +0 pair of gloves (worn)
Jewellery
 f - a ring of protection from cold (right hand)
 l - a ring of see invisible
 u - a ring of wizardry (left hand)
 A - a ring of protection from fire
 E - a +4 ring of slaying
 F - a +4 ring of slaying
Wands
 a - a wand of roots (11)
 r - a wand of flame (8)
 J - a wand of quicksilver (9)
Scrolls
 e - 3 scrolls of teleportation
 g - a scroll of amnesia {unknown}
 k - 10 scrolls of identify
 m - a scroll of enchant weapon {unknown}
 p - a scroll of magic mapping {unknown}
 B - a scroll of silence {unknown}
 C - a scroll of noise {unknown}
 D - a scroll of blinking {unknown}
 H - a scroll of poison {unknown}
Potions
 d - a potion of magic
 h - 2 potions of mutation {unknown}
 j - 3 potions of degeneration
 o - 3 potions of flight {unknown}
 t - 2 potions of heal wounds {unknown}
 v - 2 potions of ambrosia {unknown}
 x - 3 potions of lignification {unknown}


   Skills:
 + Level 1.6 Armour
 - Level 2.4 Dodging
 - Level 2.4 Stealth
 - Level 5.3 Spellcasting
 + Level 7.7 Conjurations
 - Level 1.1 Summonings
 - Level 1.1 Translocations
 - Level 5.0 Air Magic
 - Level 3.2 Poison Magic


You had 7 spell levels left.
You knew the following spells:

 Your Spells              Type           Power      Damage    Failure   Level
a - Magic Dart            Conj           100%       1d8       1%          1
b - Blink                 Tloc           18%        N/A       4%          2
c - Mephitic Cloud        Conj/Pois/Air  26%        N/A       1%          3
d - Call Imp              Summ           18%        N/A       4%          2
e - Searing Ray           Conj           72%        2d7       1%          2

Your spell library contained the following spells:

 Spells                   Type           Power      Damage    Failure   Level
 Cigotuvi's Dreadful Rot  Necr/Pois/Air  32%        N/A       2%          2
 Slow                     Hex            20%        N/A       4%          1
 Fulminant Prism          Conj/Hex       10%        3d8       9%          4


Dungeon Overview and Level Annotations

Branches:
Dungeon (6/15)
 Temple: D:4-7

Altars:
Fedhas
Kikubaaqudgha

Shops:
D:3 ?

Annotations:
D:5 Eustachio, Grinder


Message History

Unknown command.
The searing ray hits the water moccasin!
The water moccasin is severely wounded.
You finish channelling your searing ray.
You feel sick. The water moccasin bites you.
Your cerulean imp hits the water moccasin from afar with a -3 spear.
Unknown command.
Unknown command.
Unknown command.
Casting: Searing Ray (safe; 1% risk of failure)
Confirm with . or Enter, or press ? or * to list all spells.
Aiming: Magic Dart (safe; 1% risk of failure)
Press: ? - help, Shift-Dir - straight line, f/p - water moccasin
Aim: a water moccasin (almost dead, not watching you, ally target, 100% to hit)
The magic dart hits the water moccasin.
The water moccasin is almost dead.
You feel sick. The water moccasin bites you.
* * * LOW HITPOINT WARNING * * *
Your cerulean imp closely misses the water moccasin.
The water moccasin bites you.
* * * LOW HITPOINT WARNING * * *
Unknown command.
Okay, then.
Casting: Magic Dart (safe; 1% risk of failure)
Confirm with . or Enter, or press ? or * to list all spells.
You don't have enough magic to cast this spell.
Unknown command.
Unknown command.
The water moccasin attacks as you move away!
The water moccasin barely misses you.
You feel sick.
Your cerulean imp closely misses the water moccasin.
You feel sick.
Your cerulean imp closely misses the water moccasin.
The water moccasin misses you.
Okay, then.
It was a potion of degeneration.
There was something very wrong with that liquid.
You feel weakened.
You feel dopey.
You feel clumsy.
You feel sick. The water moccasin bites you!
You die...

.......# ##.....###
.......############### #.##...#.
.......##............# #..#.#...
.....................#####......#
..........................##..>.#
.....................####.####.##
.......).....5.......####.##.....
.......##............#.......#.##
.......##......S@....#.###.###.#
.......##............#......##..
.......##...................#####
#########............##.#..<.....
############.#..#........
#.#.#..#.##### #...#.##.####
#####.##....# #.#####.#


You could see a water moccasin (ally target) and a friendly cerulean imp
(summoned).

Vanquished Creatures
  A black bear (D:6)
  A sky beast (D:6)
  An ice beast (D:6)
  An ogre (D:6)
  A centaur (D:6)
  2 phantoms
  2 bullfrogs (D:6)
  A howler monkey (D:6)
  3 jellies
  An orc priest (D:3)
  2 hounds
  An iguana (D:6)
  12 gnolls
  6 adders
  2 ufetubi (D:6)
  3 worms
  2 dart slugs (D:3)
  10 orcs
  6 endoplasms
  A giant cockroach (D:3)
  7 goblins
  2 hobgoblins
  6 kobolds
  3 quokkas
  5 ball pythons
  2 bats
  A frilled lizard (D:1)
  A rat (D:2)
86 creatures vanquished.

Notes
Turn   | Place    | Note
-------+----------+-------------------------------------------
     0 | D:1      | TheDoctor the Deep Elf Hedge Wizard began the quest for the
                  | Orb.
     0 | D:1      | Reached XP level 1. HP: 10/10 MP: 7/7
   774 | D:1      | Reached XP level 2. HP: 15/15 MP: 7/9
  1109 | D:1      | Reached skill level 2 in Conjurations
  1387 | D:2      | Reached skill level 5 in Spellcasting
  1735 | D:2      | Found a blossoming altar of Fedhas.
  1816 | D:2      | Reached XP level 3. HP: 12/19 MP: 3/11
  2311 | D:2      | Learned a level 2 spell: Blink
  2315 | D:2      | Learned a level 3 spell: Mephitic Cloud
  2353 | D:3      | Identified the +1 ring mail "Roytu Kimi" {+Inv Will- Dex+5}
  2455 | D:3      | Found Xuixel's Magic Scroll Emporium.
  2458 | D:3      | Bought a scroll of identify for 20 gold pieces
  2699 | D:3      | Found a faded altar of an unknown god.
  2880 | D:3      | Reached skill level 1 in Poison Magic
  2926 | D:3      | Reached skill level 3 in Conjurations
  2926 | D:3      | Reached XP level 4. HP: 16/24 MP: 4/13
  3814 | D:4      | Reached XP level 5. HP: 25/28 MP: 7/14
  3882 | D:4      | Reached skill level 4 in Conjurations
  3889 | D:4      | Noticed a phantom
  4278 | D:4      | Reached skill level 1 in Air Magic
  4471 | D:4      | Killed a phantom
  4472 | D:4      | Reached skill level 5 in Conjurations
  4472 | D:4      | Reached XP level 6. HP: 11/32 MP: 0/15
  4582 | D:4      | Noticed a steam dragon
  4670 | D:4      | Learned a level 2 spell: Call Imp
  4955 | D:5      | Entered Level 5 of the Dungeon
  5113 | D:5      | Noticed Eustachio
  5888 | D:5      | Reached XP level 7. HP: 36/36 MP: 9/16
  6044 | D:5      | Noticed Grinder
  6173 | D:5      | Learned a level 2 spell: Searing Ray
  6179 | D:6      | Reached skill level 6 in Conjurations
  6319 | D:6      | Found an ancient bone altar of Kikubaaqudgha.
  6677 | D:6      | Reached skill level 7 in Conjurations
  6743 | D:6      | Reached skill level 5 in Air Magic
  6743 | D:6      | Reached XP level 8. HP: 41/41 MP: 7/17
  7122 | D:6      | Reached skill level 1 in Armour
  7285 | D:6      | Slain by a water moccasin

Illustrated notes

Levels and vault maps discovered:
D:1:      dpeg_arrival_rooms_c, layout_basic, minmay_heptomino_h4
D:2:      layout_basic, basic_altar
D:3:      layout_basic, serial_shops, nicolae_shop_window_shopping,
          chequers_ecumenical_altar_simple, nicolae_titane
D:4:      corexii_shack_village, layout_basic, amethyst_killhole,
          minmay_distorted
D:5:      layout_rooms, uniq_grinder, uniq_eustachio
D:6:      layout_basic, mainiacjoe_overflow_alcove_4

Skill      XL: |  1  2  3  4  5  6  7  8 |
---------------+-------------------------+-----
Conjurations   | 2 3 5 7 |  7.7
Spellcasting   | 5 |  5.3
Poison Magic   | 1 2 3 |  3.2
Air Magic      | 1 3 5 |  5.0
Armour         | 1 |  1.6
Dodging        | |  2.4
Stealth        | |  2.4
Summonings     | |  1.1
Translocations | |  1.1

Action                     |  1- 3 |  4- 6 |  7- 9 || total
---------------------------+-------+-------+-------++-------
  Melee: Dagger            |     3 |       |       ||     3
         Short sword       |     3 |     6 |     1 ||    10
   Cast: Magic Dart        |    98 |   156 |    69 ||   323
         Mephitic Cloud    |     1 |    15 |     8 ||    24
         Blink             |       |    10 |     2 ||    12
         Call Imp          |       |     2 |     1 ||     3
         Searing Ray       |       |       |    11 ||    11
  Evoke: Wand              |       |     1 |       ||     1
    Use: Scroll            |     1 |     2 |       ||     3
         Potion            |       |     3 |     1 ||     4
   Stab: Confused          |       |     2 |       ||     2
 Armour: Robe              |     3 |    10 |     4 ||    17
  Dodge: Dodged            |    16 |    35 |     8 ||    59
